 Dungeon Crawl Stone Soup version 0.30-a0-632-g346586fe48 (webtiles) character file.

Game seed: 773182863779544854

6682 themarg the Martial Artist (level 11, 0/83 HPs)
             Began as a Gnoll Transmuter on Jan 13, 2023.
             Was a Follower of Nemelex Xobeh.
             Slain by a two-headed ogre
             ... wielding a +0 giant club
              (15 damage)
             ... on level 9 of the Dungeon.
             The game lasted 00:18:42 (7746 turns).

themarg the Martial Artist (Gnoll Transmuter)       Turns: 7746, Time: 00:18:43

Health: 0/83       AC:  2    Str: 10    XL:     11   Next: 3%
Magic:  13/23      EV: 25    Int: 23    God:    Nemelex Xobeh [*.....]
Gold:   550        SH:  0    Dex: 17    Spells: 11/26 levels left

rFire   . . .      SeeInvis .      - Unarmed
rCold   . . .      Faith    .    (shield currently unavailable)
rNeg    . . .      Spirit   .    (body armour currently unavailable)
rPois   x          Reflect  .    (helmet currently unavailable)
rElec   .          Harm     .    (cloak currently unavailable)
rCorr   .          Rampage  .    (gloves currently unavailable)
Will    .....                    (boots currently unavailable)
Stlth   +++                      o - amulet of regeneration
HPRegen 1.13/turn                i - +6 ring of intelligence
MPRegen 0.18/turn                (no ring)

@: spider-form, very slightly contaminated
A: venomous fangs, tiny, (fangs 1), strong nose, distributed training
a: End Transformation, Renounce Religion, Draw Escape, Draw Destruction, Draw
Summoning


You were on level 9 of the Dungeon.
You worshipped Nemelex Xobeh.
Nemelex Xobeh was aware of your devotion.
You were a venomous arachnid creature.
You visited 2 branches of the dungeon, and saw 11 of its levels.

You collected 550 gold pieces.

Inventory:

Missiles
 d - 106 stones
 h - 7 curare-tipped darts
 r - 23 poisoned darts
 w - 4 boomerangs
 H - a throwing net
Armour
 a - a +0 robe (melded)
 u - a +0 helmet (melded)
 y - a +0 cloak (melded)
 B - the +0 leather armour of Unysed {rF+ rC+}
   (You found it on level 7 of the Dungeon)

   rF:        It protects you from fire.
   rC:        It protects you from cold.
 F - a scarf of shadows
Jewellery
 i - a +6 ring of intelligence (left front pincers)
 o - an amulet of regeneration (around neck)
 t - a ring of fire
Wands
 z - a wand of digging (1)
Scrolls
 e - a scroll of enchant weapon {unknown}
 g - 4 scrolls of teleportation
 j - 2 scrolls of enchant armour {unknown}
 n - 2 scrolls of fog {unknown}
 q - a scroll of summoning {unknown}
 s - 2 scrolls of poison {unknown}
 C - a scroll of blinking {unknown}
 E - 5 scrolls of identify
 G - a scroll of magic mapping {unknown}
Potions
 b - 3 potions of lignification
 c - 5 potions of curing
 f - a potion of cancellation {unknown}
 k - a potion of ambrosia {unknown}
 l - 5 potions of attraction
 m - 2 potions of might
 p - 3 potions of berserk rage
 v - a potion of resistance {unknown}
 x - a potion of flight {unknown}
 A - a potion of haste
 D - a potion of mutation {unknown}


   Skills:
 + Level 6.6 Fighting
 + Level 6.1 Short Blades
 + Level 6.1 Long Blades
 + Level 6.1 Axes
 + Level 6.1 Maces & Flails
 + Level 6.1 Polearms
 + Level 6.1 Staves
 + Level 6.1 Ranged Weapons
 + Level 6.1 Throwing
 + Level 6.1 Armour
 + Level 7.7 Dodging
 + Level 6.1 Stealth
 + Level 6.1 Shields
 + Level 9.0 Unarmed Combat
 + Level 8.0 Spellcasting
 + Level 5.0 Conjurations
 + Level 5.0 Hexes
 + Level 5.0 Summonings
 + Level 5.0 Necromancy
 + Level 5.0 Translocations
 + Level 6.4 Transmutations
 + Level 5.0 Fire Magic
 + Level 5.0 Ice Magic
 + Level 5.0 Air Magic
 + Level 5.0 Earth Magic
 + Level 5.0 Poison Magic
 + Level 6.6 Invocations
 + Level 6.1 Evocations


You had 11 spell levels left.
You knew the following spells:

 Your Spells              Type           Power      Damage    Failure   Level
a - Beastly Appendage     Tmut           76%        N/A       3%          1
b - Wereblood             Tmut           38%        N/A       4%          2
c - Spider Form           Tmut/Pois      35%        N/A       8%          3
d - Ice Form              Ice/Tmut       35%        N/A       19%         4
e - Blade Hands           Tmut           19%        N/A       32%         5

Your spell library contained the following spells:

 Spells                   Type           Power      Damage    Failure   Level
 Apportation              Tloc           64%        N/A       4%          1
 Necrotise                Necr           100%       1d9       4%          1
 Sting                    Tmut/Pois      100%       1d8       4%          1
 Summon Small Mammal      Summ           100%       N/A       4%          1
 Portal Projectile        Hex/Tloc       64%        N/A       10%         3
 Tukima's Dance           Hex            32%        N/A       10%         3


Dungeon Overview and Level Annotations

Branches:
Dungeon (10/15)            Temple (1/1) D:6            Lair (0/5) D:9
    Orc: D:9-12

Altars:
Ashenzari
Cheibriados
Dithmenos
Elyvilon
Fedhas
Gozag
Hepliaklqana
Kikubaaqudgha
Makhleb
Nemelex Xobeh
Okawaru
Qazlal
Ru
Sif Muna
Trog
Uskayaw
Vehumet
Wu Jian
Xom
Yredelemnul
Zin
The Shining One

Annotations:
D:6 3 runed translucent doors, exclusion: 3 doors, valliere's ghost, novice DEAE


Innate Abilities, Weirdness & Mutations

You are a venomous arachnid creature.
You have venomous fangs.
You are tiny and dextrous.
Your spellcasting is less reliable in this form.
Your armour is entirely melded.
You are incapable of wielding weapons or throwing items.
((You have very sharp teeth.))
Your uncanny sense of smell can sniff out nearby items.
Your experience applies equally to all skills.


Message History

You see here a +0 falchion.
A two-headed ogre comes into view.
It is wielding a +0 giant club and a +0 giant spiked club.
You turn into a creature of crystalline ice.
Your +0 cloak melds into your body.
Your +0 helmet melds into your body.
Your +0 robe melds into your body.
You miscast Blade Hands.
You are very lightly contaminated with residual magic.
Strange energies run through your body.
A two-headed ogre is nearby!
The two-headed ogre shouts in stereo!
The two-headed ogre hits you with a +0 giant club!
The two-headed ogre hits you with a +0 giant spiked club!
You completely miss the two-headed ogre.
You hit the two-headed ogre. You freeze the two-headed ogre.
The two-headed ogre is lightly wounded.
The two-headed ogre hits you with a +0 giant club!!
The two-headed ogre hits you with a +0 giant spiked club!
You hit the two-headed ogre but do no damage.
The two-headed ogre is lightly wounded.
The two-headed ogre barely misses you.
The two-headed ogre hits you with a +0 giant spiked club!
You barely miss the two-headed ogre.
The two-headed ogre is lightly wounded.
You punch the two-headed ogre! You freeze the two-headed ogre.
The two-headed ogre is moderately wounded.
The two-headed ogre hits you with a +0 giant club!!
* * * LOW HITPOINT WARNING * * *
The two-headed ogre closely misses you.
You hit the two-headed ogre but do no damage.
The two-headed ogre is moderately wounded.
You warm up again.
Your +0 cloak unmelds from your body.
Your +0 helmet unmelds from your body.
Your +0 robe unmelds from your body.
You turn into a venomous arachnid creature.
Your +0 cloak melds into your body.
Your +0 helmet melds into your body.
Your +0 robe melds into your body.
The two-headed ogre completely misses you.
The two-headed ogre hits you with a +0 giant spiked club!
You die...
Your body glows slightly and disappears.

#...# ... #
#.#.## #.# ..
.##....##..#
. .....#....#
.##
#.###.##.##
..# .
##.⌠.##.##
#.#
###.#.####.##
#.#
.#.#♣###.#..#
#O# #.⌠.#
#.⌠.#.# #s#
##.## ♣#.#..#
#.# #.#.#
###.## #.#
.###.⌠ ##.##
#.# #.#
#.##.## #.#
.....#....##
#.#
.......##).#
##.##
###.######.#
#...# #.#
#.## #...#


You could see a two-headed ogre.

Vanquished Creatures
  A troll (D:7)
  13 yaks
  2 wyverns
  Grum (D:8)
  2 steam dragons
  Menkaure (D:7)
  3 water moccasins
  3 black bears
  3 orc warriors
  2 ice beasts
  3 sky beasts
  2 wolves (D:8)
  3 ogres
  A centaur (D:7)
  2 phantoms
  3 kobold brigands
  2 bullfrogs
  A gnoll sergeant (D:9)
  2 scorpions
  8 killer bees (D:9)
  4 howler monkeys
  2 hounds (D:5)
  4 jellies
  6 orc priests
  2 iguanas
  5 orc wizards
  4 gnolls
  7 adders
  2 shadow imps (D:7)
  2 white imps (D:7)
  2 ufetubi
  2 worms
  A dart slug (D:1)
  41 orcs
  4 bats
  11 endoplasms
  6 giant cockroaches
  6 goblins
  8 hobgoblins
  30 kobolds
  5 quokkas
  3 ball pythons (D:2)
  A frilled lizard (D:3)
  3 rats
219 creatures vanquished.

Vanquished Creatures (others)
  An orc (D:8)
  8 fungi
  6 plants
  8 toadstools (D:3)
23 creatures vanquished.

Grand Total: 242 creatures vanquished

Notes
Turn   | Place    | Note
-------+----------+-------------------------------------------
     0 | D:1      | themarg the Gnoll Transmuter began the quest for the Orb.
     0 | D:1      | Reached XP level 1. HP: 17/17 MP: 6/6
   178 | D:1      | Reached XP level 2. HP: 16/23 MP: 7/7
   181 | D:1      | Learned a level 2 spell: Wereblood
   889 | D:2      | Reached skill level 5 in Spellcasting
   889 | D:2      | Reached XP level 3. HP: 28/28 MP: 4/9
   893 | D:2      | Learned a level 3 spell: Spider Form
  1103 | D:2      | Reached skill level 1 in Invocations
  1398 | D:2      | Reached skill level 1 in Short Blades
  1398 | D:2      | Reached skill level 1 in Long Blades
  1398 | D:2      | Reached skill level 1 in Axes
  1398 | D:2      | Reached skill level 1 in Maces & Flails
  1398 | D:2      | Reached skill level 1 in Polearms
  1398 | D:2      | Reached skill level 1 in Staves
  1398 | D:2      | Reached skill level 1 in Ranged Weapons
  1398 | D:2      | Reached skill level 1 in Throwing
  1398 | D:2      | Reached skill level 1 in Armour
  1398 | D:2      | Reached skill level 1 in Stealth
  1398 | D:2      | Reached skill level 1 in Shields
  1398 | D:2      | Reached skill level 1 in Evocations
  1414 | D:2      | Reached XP level 4. HP: 34/34 MP: 3/11
  1570 | D:2      | Found a blossoming altar of Fedhas.
  1784 | D:3      | Reached skill level 1 in Conjurations
  1784 | D:3      | Reached skill level 1 in Hexes
  1784 | D:3      | Reached skill level 1 in Summonings
  1784 | D:3      | Reached skill level 1 in Necromancy
  1784 | D:3      | Reached skill level 1 in Translocations
  1784 | D:3      | Reached skill level 1 in Fire Magic
  1784 | D:3      | Reached skill level 1 in Ice Magic
  1784 | D:3      | Reached skill level 1 in Air Magic
  1784 | D:3      | Reached skill level 1 in Earth Magic
  1784 | D:3      | Reached skill level 1 in Poison Magic
  1857 | D:3      | Found a bloodstained altar of Trog.
  1991 | D:3      | Found a faded altar of an unknown god.
  2008 | D:3      | Got Plato's Omnibus of Shaping
  2024 | D:3      | Found a snail-covered altar of Cheibriados.
  2356 | D:3      | Reached XP level 5. HP: 40/40 MP: 7/12
  2823 | D:4      | Reached XP level 6. HP: 47/47 MP: 9/13
  2986 | D:4      | Reached skill level 5 in Dodging
  3070 | D:4      | Reached skill level 7 in Unarmed Combat
  3070 | D:4      | Reached XP level 7. HP: 52/52 MP: 7/15
  3498 | D:5      | Entered Level 5 of the Dungeon
  4044 | D:5      | Reached XP level 8. HP: 60/60 MP: 12/16
  4297 | D:5      | Noticed a yak
  4297 | D:5      | Noticed a yak
  4300 | D:5      | Noticed a yak
  4300 | D:5      | Noticed a yak
  4346 | D:5      | Killed a yak
  4356 | D:5      | Killed a yak
  4362 | D:5      | Killed a yak
  4369 | D:5      | Killed a yak
  4623 | D:6      | Found a runed translucent gate.
  4630 | D:6      | Found a runed translucent gate.
  4630 | D:6      | Found a runed translucent gate.
  4630 | D:6      | Noticed valliere's ghost (novice DEAE)
  4631 | D:6      | Noticed a kobold demonologist
  4739 | D:6      | Found a glowing silver altar of Zin.
  4835 | D:6      | Found a staircase to the Ecumenical Temple.
  4848 | D:6      | Reached skill level 5 in Transmutations
  4853 | D:6      | Reached XP level 9. HP: 56/66 MP: 16/18
  4858 | D:6      | Learned a level 4 spell: Ice Form
  4863 | Temple   | Entered the Ecumenical Temple
  4863 | Temple   | Found a transporter.
  4863 | Temple   | Found a transporter.
  4865 | Temple   | Found a transporter.
  4865 | Temple   | Found a transporter.
  4897 | Temple   | Became a worshipper of Nemelex Xobeh the Trickster
  5011 | D:6      | Found an opulent altar of Gozag.
  5588 | D:7      | Reached skill level 5 in Fighting
  5590 | D:7      | Noticed Menkaure
  5598 | D:7      | Killed Menkaure
  5714 | D:7      | Found an ancient bone altar of Kikubaaqudgha.
  5847 | D:7      | Reached skill level 8 in Unarmed Combat
  5943 | D:7      | Reached skill level 5 in Invocations
  5978 | D:7      | Identified the +0 leather armour of Unysed {rF+ rC+}
  6017 | D:7      | Noticed a troll
  6036 | D:7      | Reached skill level 5 in Short Blades
  6036 | D:7      | Reached skill level 5 in Long Blades
  6036 | D:7      | Reached skill level 5 in Axes
  6036 | D:7      | Reached skill level 5 in Maces & Flails
  6036 | D:7      | Reached skill level 5 in Polearms
  6036 | D:7      | Reached skill level 5 in Staves
  6036 | D:7      | Reached skill level 5 in Ranged Weapons
  6036 | D:7      | Reached skill level 5 in Throwing
  6036 | D:7      | Reached skill level 5 in Armour
  6036 | D:7      | Reached skill level 5 in Stealth
  6036 | D:7      | Reached skill level 5 in Shields
  6036 | D:7      | Reached skill level 5 in Evocations
  6036 | D:7      | Reached XP level 10. HP: 52/76 MP: 20/20
  6406 | D:7      | Found a stormy altar of Qazlal.
  6406 | D:7      | Found an iron altar of Okawaru.
  6407 | D:7      | Found an ornate altar of the Wu Jian Council.
  6409 | D:7      | Found a blossoming altar of Fedhas.
  6410 | D:7      | Found a glowing golden altar of the Shining One.
  6411 | D:7      | Found a white marble altar of Elyvilon.
  6887 | D:8      | Reached * piety under Nemelex Xobeh
  6969 | D:8      | Noticed Grum
  7076 | D:8      | Killed Grum
  7257 | D:8      | Learned a level 5 spell: Blade Hands
  7287 | D:9      | Reached skill level 9 in Unarmed Combat
  7292 | D:9      | Reached skill level 5 in Conjurations
  7292 | D:9      | Reached skill level 5 in Hexes
  7292 | D:9      | Reached skill level 5 in Summonings
  7292 | D:9      | Reached skill level 5 in Necromancy
  7292 | D:9      | Reached skill level 5 in Translocations
  7292 | D:9      | Reached skill level 5 in Fire Magic
  7292 | D:9      | Reached skill level 5 in Ice Magic
  7292 | D:9      | Reached skill level 5 in Air Magic
  7292 | D:9      | Reached skill level 5 in Earth Magic
  7292 | D:9      | Reached skill level 5 in Poison Magic
  7293 | D:9      | Reached XP level 11. HP: 83/83 MP: 19/22
  7488 | D:9      | You fall into a shaft and drop 1 floor!
  7488 | D:10     | Entered Level 10 of the Dungeon
  7562 | D:9      | Found a staircase to the Lair.
  7731 | D:9      | Noticed a two-headed ogre
  7746 | D:9      | Slain by a two-headed ogre

Illustrated notes

Levels and vault maps discovered:
D:1:      beargit_arrival_greenhouse, layout_basic
D:2:      minmay_chambers_of_twos, layout_basic, basic_altar
D:3:      cheibrodos_fertilizer, layout_basic,
          mainiacjoe_overflow_catch_the_wave,
          shapermc_ecumenical_altar_rom_forum
D:4:      layout_loops_ring, serial_bayou, serial_bayou_pond_b,
          serial_bayou_shore_a, serial_bayou_pond_b, serial_bayou_pond_d,
          serial_bayou_crossing, serial_bayou_ford_a, minmay_fractal_squares_5
D:5:      layout_cave_pods, minmay_between
D:6:      layout_loops_ring, pdpol_temple_overflow_zin_treasury_gozag_greed,
          minmay_temple_entry_large_hall, gammafunk_ghost_nasty_kobolds
D:7:      layout_rooms, minitemple, minivault_23, nzn_random_ring, uniq_menkaure
D:8:      layout_basic, uniq_grum
D:9:      layout_loops_ring, lair_entry_dummy, nicolae_zen_rock_garden,
          chequers_serial_rivers_room_b, grunt_decor_mini_mirrors
D:10:     layout_loops_ring
Temple:   hellmonk_temple_divided_pantheon

Skill      XL: |  1  2  3  4  5  6  7  8  9 10 11 |
---------------+----------------------------------+-----
Spellcasting   | 5 6 7 8 |  8.0
Invocations    | 1 2 3 4 5 6 |  6.6
Short Blades   | 1 2 3 5 6 |  6.1
Long Blades    | 1 2 3 5 6 |  6.1
Axes           | 1 2 3 5 6 |  6.1
Maces & Flails | 1 2 3 5 6 |  6.1
Polearms       | 1 2 3 5 6 |  6.1
Staves         | 1 2 3 5 6 |  6.1
Ranged Weapons | 1 2 3 5 6 |  6.1
Throwing       | 1 2 3 5 6 |  6.1
Armour         | 1 2 3 5 6 |  6.1
Stealth        | 1 2 3 5 6 |  6.1
Shields        | 1 2 3 5 6 |  6.1
Evocations     | 1 2 3 5 6 |  6.1
Conjurations   | 1 2 3 4 5 |  5.0
Hexes          | 1 2 3 4 5 |  5.0
Summonings     | 1 2 3 4 5 |  5.0
Necromancy     | 1 2 3 4 5 |  5.0
Translocations | 1 2 3 4 5 |  5.0
Fire Magic     | 1 2 3 4 5 |  5.0
Ice Magic      | 1 2 3 4 5 |  5.0
Air Magic      | 1 2 3 4 5 |  5.0
Earth Magic    | 1 2 3 4 5 |  5.0
Poison Magic   | 1 2 3 4 5 |  5.0
Fighting       | 3 4 5 6 |  6.6
Transmutations | 4 5 6 |  6.4
Dodging        | 5 6 7 |  7.7
Unarmed Combat | 7 8 9 |  9.0

Action                   |  1- 3 |  4- 6 |  7- 9 | 10-12 || total
-------------------------+-------+-------+-------+-------++-------
Melee: Unarmed           |    74 |   112 |   234 |   189 ||   609
       Kick              |    13 |       |       |       ||    13
       Headbutt          |    10 |       |       |       ||    10
       Punch             |     2 |       |       |       ||     2
       Bite              |     2 |       |       |       ||     2
 Cast: Beastly Appendage |    21 |       |       |       ||    21
       Wereblood         |     1 |     4 |     6 |     8 ||    19
       Spider Form       |     3 |    21 |    25 |     1 ||    50
       Ice Form          |       |       |     3 |    14 ||    17
  Use: Potion            |       |       |     2 |     1 ||     3
       Scroll            |       |       |     4 |     1 ||     5
 Stab: Sleeping          |     1 |     1 |     2 |     2 ||     6
Armor: Robe              |    10 |       |       |       ||    10
       Skin              |     1 |     8 |    27 |    57 ||    93
Dodge: Dodged            |    39 |    75 |   174 |   117 ||   405

Table legend: (Time is in decaauts)
 A = Elapsed time spent in this place.
 B = Non-inter-level travel time spent in this place.
 C = Inter-level travel time spent in this place.
 D = Time resting spent in this place.
 E = Time spent auto-exploring this place.
 F = Levels seen in this place.
 G = Mean time per level.
                   A        B        C        D        E       F      G
               +--------+--------+--------+--------+--------+-----+--------+
         Total |   7694 |   7499 |    195 |    129 |   5856 |  11 |  699.5 |
       Dungeon |   7641 |   7446 |    195 |    129 |   5856 |  10 |  764.1 |
        Temple |     52 |     52 |      0 |      0 |      0 |   1 |   52.0 |
               +--------+--------+--------+--------+--------+-----+--------+

Top non-repeatable levels by time:
     D:5: 1112 daAuts
     D:7: 1051 daAuts
     D:4: 1032 daAuts
     D:2: 915 daAuts
     D:1: 787 daAuts
     D:3: 773 daAuts
     D:8: 748 daAuts
     D:6: 745 daAuts
     D:9: 423 daAuts
  Temple: 52 daAuts
    D:10: 51 daAuts
